Pick #1

Connor Bedard
Pick #2

Leo Carlsson
Pick #3

Adam Fantilli
Pick #4

Matvei Michkov
Pick #5

David Reinbacher
Pick #6

William Smith
Pick #7

Zachary Benson
Pick #8

Ryan Leonard
Pick #9

Gabriel Perreault
Pick #10

Axel Sandin-Pellika
Pick #11

Daniil But
Pick #12

Dalibor Dvorsky
Pick #13

Quentin Musty
Pick #14

Brayden Yager
Pick #15

Dmitry Simashev
Pick #16

Colby Barlow
Pick #17

Andrew Cristall
Pick #18

Easton Cowan
Pick #19

Jacob Fowler
Pick #20

Oliver Moore
Pick #21

Oliver Bonk
Pick #22

Tom Willander
Pick #23

Calum Ritchie
Pick #24

Tanner Molendyk
Pick #25

Gavin Brindley
Pick #26

Nate Danielson
Pick #27

Pick #28

Pick #29

Pick #30

Pick #31

Pick #32

Pick #33

Pick #34

Pick #35

Pick #36

Pick #37

Pick #38

Pick #39

Pick #40

Pick #41

Pick #42

Pick #43

Pick #44

Pick #45

Pick #46

Pick #47

Pick #48

Pick #49

Pick #50

Pick #51

Pick #52

Pick #53

Pick #54

Pick #55

Pick #56

Pick #57

Pick #58

Pick #59

Pick #60

Pick #61

Pick #62

Pick #63

Pick #64

Pick #65

Pick #66

Pick #67

Pick #68

Pick #69

Pick #70

Pick #71

Pick #72

Pick #73

Pick #74

Pick #75

Pick #76

Pick #77

Pick #78

Pick #79

Pick #80

Pick #81

Pick #82

Pick #83

Pick #84

Pick #85

Pick #86

Pick #87

Pick #88

Pick #89

Pick #90

Pick #91

Pick #92

Pick #93

Pick #94

Pick #95

Pick #96

Pick #97

Pick #98

Pick #99

Pick #100

Pick #101

Pick #102

Pick #103

Pick #104

Pick #105

Pick #106

Pick #107

Pick #108

Pick #109

Pick #110

Pick #111

Pick #112

Pick #113

Pick #114

Pick #115

Pick #116

Pick #117

Pick #118

Pick #119

Pick #120

Pick #121

Pick #122

Pick #123

Pick #124

Pick #125

Pick #126

Pick #127

Pick #128

Pick #129

Pick #130

Full Scoreboard »»

Kings vs Canucks

Created - October 18, 2023 at 19:58

Goals
1 2 3 T
Kings 1 3 0 4
Canucks 2 1 0 3
Shots
1 2 3 T
Kings 5 13 10 28
Canucks 9 11 7 27

GoalsPenalties
1st period
1. Kings , Ilya Mikheyev 2 (Joel Edmundson 1, Matt Duchene 3) at 4:32
2. Canucks , Mathew Barzal 1 (Mitch Marner 2) at 9:22 (PP)
3. Canucks , Boone Jenner 1 (Conor Garland 1, Kevin Hayes 1) at 11:40
Mark Giordano (LOS) for Tripping (Minor) at 7:30
Morgan Rielly (VAN) for Hooking (Minor) at 19:10
2nd period
4. Kings , Alex Ovechkin 3 (Logan Couture 3, Mattias Ekholm 3) at 0:36 (PP)
5. Kings , Tyler Motte 3 (Ryan Suter 2, Mark Giordano 2) at 4:19
6. Kings , Alex Ovechkin 4 (Vladimir Tarasenko 1, Sidney Crosby 4) at 14:45
7. Canucks , Conor Garland 1 (Kevin Hayes 2, Bowen Byram 2) at 17:17
Brayden Point (VAN) for Hooking (Minor) at 9:51
3rd period
No Goal
Ryan Suter (LOS) for Hooking (Minor) at 1:13
Ryan Suter (LOS) for Hooking (Minor) at 5:22
Ryan Suter (LOS) for Hooking (Minor) at 8:40
Boone Jenner (VAN) for Hooking (Minor) at 15:49
Evander Kane (LOS) for Tripping (Minor) at 18:40
Goalie Stats
Ville Husso (LOS), 24 saves from 27 shots - (0.889), W, 4-0-0, 60:00 minutes
Jeremy Swayman (VAN), 24 saves from 28 shots - (0.857), L, 2-2-0, 58:49 minutes
3 StarsOfficial
1 - Alex Ovechkin (LOS)
2 - Conor Garland (VAN)
3 - Ilya Mikheyev (LOS)
Referees : Mike Duco and Chris Rooney
Linesman : Kelsey Mahoney and Kyle Allen
Game Note
No Game Note
Finance
Level 1 -- Attendance: 6006 (92.40%) -- Ticket Income $720,720
Level 2 -- Attendance: 5000 (100.00%) -- Ticket Income $425,000
Level 3 -- Attendance: 3173 (90.66%) -- Ticket Income $158,650
Level 4 -- Attendance: 2767 (95.09%) -- Ticket Income $96,845
Luxury Box -- Attendance: 914 (91.40%) -- Ticket Income $182,800
Game was played at the Rogers Arena.
Total Attendance: 17860 (94.45%)
Total Ticket Income: $1,584,015
Other Income: $396,004
Total Income: $1,980,019



Team Name Goals Shots Shots Attemp Shots Blocked PIM HIT PP PK FO%
Kings 42855710191 / 3 (33%)148%
Canucks 3275246201 / 5 (20%)152%

Kings
Player Name POS G A P +/- PIM HIT SHT SB MP PP MP PP SHT PK MP PK SHT FO% FOT
Alex OvechkinLW2020037120:313:4840:00050% 2
Brandon SaadLW000-100408:270:0000:0000% 0
Conor ShearyLW000100106:410:0000:000100% 1
David SavardD0000010216:190:0004:0000% 0
Evander KaneLW0001241015:121:3600:00033% 3
Ilya MikheyevRW1011002014:431:0600:00050% 2
Joel EdmundsonD0110000012:550:0000:3600% 0
Jonas BrodinD0000000125:574:1805:3200% 0
Jordan StaalC000-1011014:570:0006:30164% 22
Logan CoutureC011-1011018:453:4816:3000% 2
Mark GiordanoD0111210020:010:0003:0000% 0
Matt DucheneC0111002015:131:3610:00035% 23
Mattias EkholmD0110040325:334:1805:0800% 0
Nic DowdC000100009:190:0002:38067% 6
Ryan SuterD0111613018:051:0630:0000% 0
Sidney CrosbyC0110021020:313:4800:00044% 27
Tyler MotteC101100309:190:0002:3800% 0
Vladimir TarasenkoRW0110012018:191:3610:0000% 0
Canucks
Player Name POS G A P +/- PIM HIT SHT SB MP PP MP PP SHT PK MP PK SHT FO% FOT
Alec MartinezD0001010015:290:0002:1900% 0
Alex NewhookC000-101007:100:0000:0000% 0
Boone JennerC1011223116:004:1002:21068% 19
Bowen ByramD0110002122:194:2123:2300% 0
Brayden PointC0000202019:544:4710:00068% 19
Cody GlassC000-101008:080:0000:58060% 10
Conor GarlandRW112101209:420:1200:000100% 1
J.J. MoserD0000000118:564:2100:0000% 0
Jason ZuckerLW000-1045013:540:0000:1400% 1
Kevin HayesC0221001017:564:1004:16040% 5
Marcus JohanssonLW000-100107:100:0000:0000% 0
Martin NecasC0000010019:184:1000:000100% 1
Mathew BarzalC101-1013018:384:5810:00030% 10
Mitch MarnerC/LW/RW0110015020:484:4600:5400% 0
Morgan RiellyD000-2231024:274:4701:5800% 0
Ryan Nugent-HopkinsC000-1021020:434:5812:05032% 22
Samuel GirardD000-2021120:510:0003:0800% 0
Ty SmithD0001000013:100:0000:0000% 0



Play-by-Play

1st period


0:01 of 1st period - Sidney Crosby wins face-off versus Brayden Point in neutral zone.
0:08 of 1st period - Shot by Vladimir Tarasenko.
0:08 of 1st period - Stopped by Jeremy Swayman without a rebound.
0:09 of 1st period - Ryan Nugent-Hopkins wins face-off versus Evander Kane in Canucks zone.
3:49 of 1st period - Icing by Conor Garland.
3:50 of 1st period - Boone Jenner wins face-off versus Sidney Crosby in Canucks zone.
4:17 of 1st period - Shot by Alex Ovechkin.
4:17 of 1st period - Shot Misses the Net.
4:20 of 1st period - Icing by J.J. Moser.
4:21 of 1st period - Cody Glass wins face-off versus Matt Duchene in Canucks zone.
4:21 of 1st period - Bowen Byram is hit by Evander Kane and loses puck.
4:26 of 1st period - Shot by Matt Duchene.
4:26 of 1st period - Shot Blocked by J.J. Moser.
4:32 of 1st period - Shot by Ilya Mikheyev.
4:32 of 1st period - Goal by Ilya Mikheyev - Kings : 1 - Canucks : 0.
4:33 of 1st period - Jordan Staal wins face-off versus Ryan Nugent-Hopkins in neutral zone.
4:50 of 1st period - Shot by Mathew Barzal.
4:50 of 1st period - Deflect By Jason Zucker.
4:50 of 1st period - Stopped by Ville Husso without a rebound.
4:51 of 1st period - Brayden Point wins face-off versus Matt Duchene in Kings zone.
4:59 of 1st period - Off-side.
5:00 of 1st period - Sidney Crosby wins face-off versus Brayden Point in neutral zone.
5:43 of 1st period - Shot by Brayden Point.
5:43 of 1st period - Stopped by Ville Husso with a rebound.
6:15 of 1st period - Shot by Kevin Hayes.
6:15 of 1st period - Stopped by Ville Husso without a rebound.
6:16 of 1st period - Mathew Barzal wins face-off versus Matt Duchene in Kings zone.
6:17 of 1st period - Shot by Jason Zucker.
6:17 of 1st period - Stopped by Ville Husso without a rebound.
6:18 of 1st period - Matt Duchene wins face-off versus Ryan Nugent-Hopkins in Kings zone.
6:24 of 1st period - Icing by Mark Giordano.
6:25 of 1st period - Boone Jenner wins face-off versus Matt Duchene in Kings zone.
6:25 of 1st period - Boone Jenner is hit by Ryan Suter.
6:50 of 1st period - Ilya Mikheyev is hit by Boone Jenner and loses puck.
7:30 of 1st period - Minor Penalty to Mark Giordano for Tripping.
7:31 of 1st period - Jordan Staal wins face-off versus Mathew Barzal in Kings zone.
7:54 of 1st period - Shot by Brayden Point.
7:54 of 1st period - Shot Misses the Net.
7:56 of 1st period - Shot by Ryan Nugent-Hopkins.
7:56 of 1st period - Shot Misses the Net.
7:58 of 1st period - Shot by Mitch Marner.
7:58 of 1st period - Deflect By Mathew Barzal.
7:58 of 1st period - Shot Misses the Net.
8:00 of 1st period - Shot by Ryan Nugent-Hopkins.
8:00 of 1st period - Stopped by Ville Husso without a rebound.
8:01 of 1st period - Jordan Staal wins face-off versus Kevin Hayes in Kings zone.
9:00 of 1st period - Jordan Staal is hit by Mathew Barzal and loses puck.
9:22 of 1st period - Shot by Mathew Barzal.
9:22 of 1st period - Goal by Mathew Barzal - Kings : 1 - Canucks : 1.
9:23 of 1st period - Cody Glass wins face-off versus Sidney Crosby in neutral zone.
9:36 of 1st period - Shot by Marcus Johansson.
9:36 of 1st period - Stopped by Ville Husso without a rebound.
9:37 of 1st period - Matt Duchene wins face-off versus Ryan Nugent-Hopkins in Kings zone.
10:51 of 1st period - Bowen Byram is hit by Sidney Crosby and loses puck.
11:14 of 1st period - Off-side.
11:15 of 1st period - Jordan Staal wins face-off versus Boone Jenner in neutral zone.
11:18 of 1st period - Shot by Brandon Saad.
11:18 of 1st period - Deflect By Logan Couture.
11:18 of 1st period - Shot Misses the Net.
11:40 of 1st period - Shot by Boone Jenner.
11:40 of 1st period - Goal by Boone Jenner - Kings : 1 - Canucks : 2.
11:41 of 1st period - Conor Sheary wins face-off versus Ryan Nugent-Hopkins in neutral zone.
11:46 of 1st period - Shot by Conor Sheary.
11:46 of 1st period - Shot Misses the Net.
11:48 of 1st period - Shot by Jonas Brodin.
11:48 of 1st period - Shot Misses the Net.
11:50 of 1st period - Shot by Conor Sheary.
11:50 of 1st period - Stopped by Jeremy Swayman without a rebound.
11:51 of 1st period - Cody Glass wins face-off versus Sidney Crosby in Canucks zone.
11:51 of 1st period - Cody Glass is hit by Alex Ovechkin.
12:27 of 1st period - Alex Ovechkin is hit by Cody Glass and loses puck.
12:31 of 1st period - Icing by Sidney Crosby.
12:32 of 1st period - Brayden Point wins face-off versus Sidney Crosby in Kings zone.
12:33 of 1st period - Shot by Mitch Marner.
12:33 of 1st period - Shot Blocked by Alex Ovechkin.
12:36 of 1st period - Icing by Vladimir Tarasenko.
12:37 of 1st period - Brayden Point wins face-off versus Sidney Crosby in Kings zone.
13:00 of 1st period - Shot by Brayden Point.
13:00 of 1st period - Shot Misses the Net.
13:24 of 1st period - J.J. Moser is hit by Jordan Staal and loses puck.
13:34 of 1st period - Icing by Brayden Point.
13:35 of 1st period - Brayden Point wins face-off versus Matt Duchene in Canucks zone.
13:50 of 1st period - Shot by Matt Duchene.
13:50 of 1st period - Shot Misses the Net.
13:58 of 1st period - Shot by Matt Duchene.
13:58 of 1st period - Shot Misses the Net.
14:00 of 1st period - Shot by Evander Kane.
14:00 of 1st period - Stopped by Jeremy Swayman without a rebound.
14:01 of 1st period - Boone Jenner wins face-off versus Jordan Staal in Canucks zone.
14:40 of 1st period - Shot by Logan Couture.
14:40 of 1st period - Shot Misses the Net.
15:18 of 1st period - Shot by Samuel Girard.
15:18 of 1st period - Stopped by Ville Husso without a rebound.
15:19 of 1st period - Sidney Crosby wins face-off versus Brayden Point in Kings zone.
15:19 of 1st period - Sidney Crosby is hit by Mitch Marner.
15:29 of 1st period - Shot by Vladimir Tarasenko.
15:29 of 1st period - Shot Misses the Net.
18:06 of 1st period - Icing by Alec Martinez.
18:07 of 1st period - Boone Jenner wins face-off versus Logan Couture in Canucks zone.
18:27 of 1st period - Icing by Ryan Suter.
18:28 of 1st period - Jordan Staal wins face-off versus Ryan Nugent-Hopkins in Kings zone.
19:08 of 1st period - Brandon Saad is hit by Samuel Girard and loses puck.
19:10 of 1st period - Minor Penalty to Morgan Rielly for Hooking.
19:11 of 1st period - Boone Jenner wins face-off versus Matt Duchene in Canucks zone.
19:36 of 1st period - Shot by Matt Duchene.
19:36 of 1st period - Shot Misses the Net.
19:40 of 1st period - Shot by Vladimir Tarasenko.
19:40 of 1st period - Stopped by Jeremy Swayman without a rebound.
19:41 of 1st period - Boone Jenner wins face-off versus Sidney Crosby in Canucks zone.
19:55 of 1st period - Icing by Mattias Ekholm.
19:56 of 1st period - Sidney Crosby wins face-off versus Boone Jenner in Kings zone.
Goals for this period are 1 for Kings vs 2 for Canucks.
Shots for this period are 5 for Kings vs 9 for Canucks.

2nd period


0:01 of 2nd period - Boone Jenner wins face-off versus Sidney Crosby in neutral zone.
0:07 of 2nd period - Icing by Mattias Ekholm.
0:08 of 2nd period - Sidney Crosby wins face-off versus Boone Jenner in Kings zone.
0:36 of 2nd period - Shot by Alex Ovechkin.
0:36 of 2nd period - Goal by Alex Ovechkin - Kings : 2 - Canucks : 2.
0:37 of 2nd period - Brayden Point wins face-off versus Matt Duchene in neutral zone.
1:44 of 2nd period - Shot by Mathew Barzal.
1:44 of 2nd period - Shot Misses the Net.
1:52 of 2nd period - Shot by Morgan Rielly.
1:52 of 2nd period - Stopped by Ville Husso with a rebound.
2:06 of 2nd period - Shot by Jason Zucker.
2:06 of 2nd period - Shot Blocked by David Savard.
2:08 of 2nd period - Shot by Ryan Nugent-Hopkins.
2:08 of 2nd period - Shot Misses the Net.
4:19 of 2nd period - Shot by Tyler Motte.
4:19 of 2nd period - Goal by Tyler Motte - Kings : 3 - Canucks : 2.
4:20 of 2nd period - Boone Jenner wins face-off versus Jordan Staal in neutral zone.
4:44 of 2nd period - Shot by Conor Garland.
4:44 of 2nd period - Stopped by Ville Husso without a rebound.
4:45 of 2nd period - Nic Dowd wins face-off versus Ryan Nugent-Hopkins in Kings zone.
5:06 of 2nd period - Conor Sheary is hit by Jason Zucker and loses puck.
5:16 of 2nd period - Ryan Nugent-Hopkins is hit by Mattias Ekholm and loses puck.
5:21 of 2nd period - Shot by Jason Zucker.
5:21 of 2nd period - Stopped by Ville Husso with a rebound.
5:23 of 2nd period - Shot by J.J. Moser.
5:23 of 2nd period - Deflect By Ryan Nugent-Hopkins.
5:23 of 2nd period - Shot Misses the Net.
5:25 of 2nd period - Shot by Ryan Nugent-Hopkins.
5:25 of 2nd period - Deflect By Mathew Barzal.
5:25 of 2nd period - Stopped by Ville Husso with a rebound.
5:45 of 2nd period - Icing by Bowen Byram.
5:46 of 2nd period - Sidney Crosby wins face-off versus Ryan Nugent-Hopkins in Canucks zone.
6:37 of 2nd period - Shot by Mitch Marner.
6:37 of 2nd period - Stopped by Ville Husso without a rebound.
6:38 of 2nd period - Boone Jenner wins face-off versus Matt Duchene in Kings zone.
6:47 of 2nd period - Shot by Boone Jenner.
6:47 of 2nd period - Stopped by Ville Husso without a rebound.
6:48 of 2nd period - Cody Glass wins face-off versus Jordan Staal in Kings zone.
6:55 of 2nd period - Shot by Logan Couture.
6:55 of 2nd period - Shot Blocked by Samuel Girard.
7:05 of 2nd period - Shot by Logan Couture.
7:05 of 2nd period - Shot Misses the Net.
7:29 of 2nd period - Shot by Logan Couture.
7:29 of 2nd period - Shot Misses the Net.
7:31 of 2nd period - Shot by Brandon Saad.
7:31 of 2nd period - Stopped by Jeremy Swayman without a rebound.
7:32 of 2nd period - Sidney Crosby wins face-off versus Brayden Point in Canucks zone.
7:52 of 2nd period - Martin Necas is hit by Mattias Ekholm and loses puck.
8:07 of 2nd period - Shot by Mitch Marner.
8:07 of 2nd period - Stopped by Ville Husso without a rebound.
8:08 of 2nd period - Ilya Mikheyev wins face-off versus Jason Zucker in Kings zone.
8:23 of 2nd period - Bowen Byram is hit by Evander Kane and loses puck.
8:30 of 2nd period - Shot by Matt Duchene.
8:30 of 2nd period - Stopped by Jeremy Swayman without a rebound.
8:31 of 2nd period - Boone Jenner wins face-off versus Jordan Staal in Canucks zone.
8:36 of 2nd period - Ryan Suter is hit by Boone Jenner.
8:57 of 2nd period - Shot by Brandon Saad.
8:57 of 2nd period - Stopped by Jeremy Swayman with a rebound.
9:03 of 2nd period - Shot by Brandon Saad.
9:03 of 2nd period - Stopped by Jeremy Swayman without a rebound.
9:04 of 2nd period - Brayden Point wins face-off versus Alex Ovechkin in Canucks zone.
9:24 of 2nd period - Icing by Mattias Ekholm.
9:25 of 2nd period - Sidney Crosby wins face-off versus Ryan Nugent-Hopkins in Kings zone.
9:25 of 2nd period - Sidney Crosby is hit by Jason Zucker.
9:30 of 2nd period - Mattias Ekholm is hit by Samuel Girard and loses puck.
9:41 of 2nd period - Shot by Alex Ovechkin.
9:41 of 2nd period - Stopped by Jeremy Swayman without a rebound.
9:42 of 2nd period - Brayden Point wins face-off versus Ilya Mikheyev in Canucks zone.
9:51 of 2nd period - Minor Penalty to Brayden Point for Hooking.
9:52 of 2nd period - Boone Jenner wins face-off versus Logan Couture in Canucks zone.
10:01 of 2nd period - Boone Jenner is hit by Logan Couture and loses puck.
10:12 of 2nd period - Shot by Logan Couture.
10:12 of 2nd period - Stopped by Jeremy Swayman without a rebound.
10:13 of 2nd period - Boone Jenner wins face-off versus Matt Duchene in Canucks zone.
10:28 of 2nd period - Shot by Evander Kane.
10:28 of 2nd period - Shot Misses the Net.
10:30 of 2nd period - Shot by Vladimir Tarasenko.
10:30 of 2nd period - Shot Misses the Net.
10:32 of 2nd period - Shot by Matt Duchene.
10:32 of 2nd period - Shot Hit the Post.
10:34 of 2nd period - Shot by Ryan Suter.
10:34 of 2nd period - Shot Misses the Net.
10:40 of 2nd period - Shot by Ilya Mikheyev.
10:40 of 2nd period - Shot Misses the Net.
10:44 of 2nd period - Shot by Evander Kane.
10:44 of 2nd period - Shot Misses the Net.
10:46 of 2nd period - Shot by Ryan Suter.
10:46 of 2nd period - Stopped by Jeremy Swayman without a rebound.
10:47 of 2nd period - Ryan Nugent-Hopkins wins face-off versus Sidney Crosby in Canucks zone.
11:12 of 2nd period - Icing by Sidney Crosby.
11:13 of 2nd period - Ryan Nugent-Hopkins wins face-off versus Sidney Crosby in Kings zone.
11:32 of 2nd period - Shot by Sidney Crosby.
11:32 of 2nd period - Shot Blocked by Bowen Byram.
11:34 of 2nd period - Shot by Alex Ovechkin.
11:34 of 2nd period - Stopped by Jeremy Swayman with a rebound.
12:12 of 2nd period - Shot by Tyler Motte.
12:12 of 2nd period - Stopped by Jeremy Swayman with a rebound.
12:49 of 2nd period - Icing by Ilya Mikheyev.
12:50 of 2nd period - Matt Duchene wins face-off versus Brayden Point in Kings zone.
13:00 of 2nd period - Shot by Mitch Marner.
13:00 of 2nd period - Shot Misses the Net.
13:02 of 2nd period - Shot by Martin Necas.
13:02 of 2nd period - Shot Misses the Net.
13:18 of 2nd period - Shot by Martin Necas.
13:18 of 2nd period - Shot Misses the Net.
13:20 of 2nd period - Shot by J.J. Moser.
13:20 of 2nd period - Shot Misses the Net.
13:59 of 2nd period - Off-side.
14:00 of 2nd period - Sidney Crosby wins face-off versus Kevin Hayes in neutral zone.
14:45 of 2nd period - Shot by Alex Ovechkin.
14:45 of 2nd period - Goal by Alex Ovechkin - Kings : 4 - Canucks : 2.
14:46 of 2nd period - Brayden Point wins face-off versus Jordan Staal in neutral zone.
14:48 of 2nd period - Mitch Marner is hit by David Savard.
14:58 of 2nd period - Shot by Mitch Marner.
14:58 of 2nd period - Stopped by Ville Husso without a rebound.
14:59 of 2nd period - Nic Dowd wins face-off versus Ryan Nugent-Hopkins in Kings zone.
14:59 of 2nd period - Nic Dowd is hit by Jason Zucker.
16:08 of 2nd period - Off-side.
16:09 of 2nd period - Conor Garland wins face-off versus Sidney Crosby in neutral zone.
16:11 of 2nd period - Off-side.
16:12 of 2nd period - Brayden Point wins face-off versus Sidney Crosby in neutral zone.
17:15 of 2nd period - Shot by Kevin Hayes.
17:15 of 2nd period - Shot Misses the Net.
17:17 of 2nd period - Shot by Conor Garland.
17:17 of 2nd period - Goal by Conor Garland - Kings : 4 - Canucks : 3.
17:18 of 2nd period - Ryan Nugent-Hopkins wins face-off versus Evander Kane in neutral zone.
18:37 of 2nd period - Shot by Boone Jenner.
18:37 of 2nd period - Stopped by Ville Husso with a rebound.
19:12 of 2nd period - Shot by Mitch Marner.
19:12 of 2nd period - Shot Misses the Net.
19:14 of 2nd period - Shot by Mitch Marner.
19:14 of 2nd period - Stopped by Ville Husso without a rebound.
19:15 of 2nd period - Sidney Crosby wins face-off versus Cody Glass in Kings zone.
19:34 of 2nd period - Shot by Alex Ovechkin.
19:34 of 2nd period - Deflect By Sidney Crosby.
19:34 of 2nd period - Stopped by Jeremy Swayman without a rebound.
19:35 of 2nd period - Brayden Point wins face-off versus Nic Dowd in Canucks zone.
19:44 of 2nd period - Shot by Nic Dowd.
19:44 of 2nd period - Shot Misses the Net.
19:51 of 2nd period - Icing by Brayden Point.
19:52 of 2nd period - Martin Necas wins face-off versus Sidney Crosby in Canucks zone.
Goals for this period are 3 for Kings vs 1 for Canucks.
Shots for this period are 13 for Kings vs 11 for Canucks.

3rd period


0:01 of 3rd period - Brayden Point wins face-off versus Sidney Crosby in neutral zone.
0:04 of 3rd period - Sidney Crosby is hit by Martin Necas and loses puck.
0:15 of 3rd period - Morgan Rielly is hit by Vladimir Tarasenko and loses puck.
0:21 of 3rd period - Icing by Morgan Rielly.
0:22 of 3rd period - Brayden Point wins face-off versus Matt Duchene in Canucks zone.
0:55 of 3rd period - Matt Duchene is hit by Morgan Rielly and loses puck.
1:13 of 3rd period - Minor Penalty to Ryan Suter for Hooking.
1:14 of 3rd period - Jordan Staal wins face-off versus Mathew Barzal in Kings zone.
1:25 of 3rd period - Shot by Bowen Byram.
1:25 of 3rd period - Stopped by Ville Husso without a rebound.
1:26 of 3rd period - Jordan Staal wins face-off versus Mathew Barzal in Kings zone.
1:37 of 3rd period - Icing by J.J. Moser.
1:38 of 3rd period - Mathew Barzal wins face-off versus Jordan Staal in Canucks zone.
1:51 of 3rd period - Icing by Ryan Nugent-Hopkins.
1:52 of 3rd period - Jordan Staal wins face-off versus Mathew Barzal in Canucks zone.
2:10 of 3rd period - Icing by Ryan Nugent-Hopkins.
2:11 of 3rd period - Jordan Staal wins face-off versus Mathew Barzal in Canucks zone.
2:12 of 3rd period - Shot by Logan Couture.
2:12 of 3rd period - Shot Misses the Net.
2:22 of 3rd period - Shot by Logan Couture.
2:22 of 3rd period - Shot Misses the Net.
2:24 of 3rd period - Shot by Jordan Staal.
2:24 of 3rd period - Stopped by Jeremy Swayman without a rebound.
2:25 of 3rd period - Jordan Staal wins face-off versus Boone Jenner in Canucks zone.
2:25 of 3rd period - Logan Couture is hit by Morgan Rielly and loses puck.
2:56 of 3rd period - Shot by Brayden Point.
2:56 of 3rd period - Shot Misses the Net.
2:58 of 3rd period - Shot by Kevin Hayes.
2:58 of 3rd period - Shot Misses the Net.
3:25 of 3rd period - Shot by Mathew Barzal.
3:25 of 3rd period - Shot Misses the Net.
3:27 of 3rd period - Shot by Jason Zucker.
3:27 of 3rd period - Stopped by Ville Husso without a rebound.
3:28 of 3rd period - Matt Duchene wins face-off versus Cody Glass in Kings zone.
3:48 of 3rd period - Shot by Alex Newhook.
3:48 of 3rd period - Shot Hit the Post.
4:04 of 3rd period - Icing by Jonas Brodin.
4:05 of 3rd period - Matt Duchene wins face-off versus Ryan Nugent-Hopkins in Kings zone.
4:09 of 3rd period - Icing by Matt Duchene.
4:10 of 3rd period - Ryan Nugent-Hopkins wins face-off versus Matt Duchene in Kings zone.
4:10 of 3rd period - Ryan Nugent-Hopkins is hit by Mattias Ekholm.
4:26 of 3rd period - Ryan Nugent-Hopkins is hit by Evander Kane and loses puck.
4:47 of 3rd period - Off-side.
4:48 of 3rd period - Brayden Point wins face-off versus Sidney Crosby in neutral zone.
4:48 of 3rd period - Mitch Marner is hit by Alex Ovechkin and loses puck.
5:04 of 3rd period - Brayden Point is hit by Sidney Crosby and loses puck.
5:22 of 3rd period - Minor Penalty to Ryan Suter for Hooking.
5:23 of 3rd period - Jordan Staal wins face-off versus Mathew Barzal in Kings zone.
5:52 of 3rd period - Shot by Bowen Byram.
5:52 of 3rd period - Stopped by Ville Husso without a rebound.
5:53 of 3rd period - Jordan Staal wins face-off versus Kevin Hayes in Kings zone.
6:17 of 3rd period - Shot by Brayden Point.
6:17 of 3rd period - Shot Blocked by Jonas Brodin.
7:23 of 3rd period - Shot by Mathew Barzal.
7:23 of 3rd period - Stopped by Ville Husso without a rebound.
7:24 of 3rd period - Sidney Crosby wins face-off versus Cody Glass in Kings zone.
7:24 of 3rd period - Sidney Crosby is hit by Alex Newhook.
8:04 of 3rd period - Icing by Ty Smith.
8:05 of 3rd period - Cody Glass wins face-off versus Matt Duchene in Canucks zone.
8:14 of 3rd period - Shot by Evander Kane.
8:14 of 3rd period - Deflect By Ilya Mikheyev.
8:14 of 3rd period - Stopped by Jeremy Swayman without a rebound.
8:15 of 3rd period - Ryan Nugent-Hopkins wins face-off versus Matt Duchene in Canucks zone.
8:15 of 3rd period - Ryan Nugent-Hopkins is hit by Evander Kane.
8:40 of 3rd period - Minor Penalty to Ryan Suter for Hooking.
8:41 of 3rd period - Kevin Hayes wins face-off versus Jordan Staal in Kings zone.
8:54 of 3rd period - Shot by Kevin Hayes.
8:54 of 3rd period - Shot Blocked by Mattias Ekholm.
8:56 of 3rd period - Shot by Morgan Rielly.
8:56 of 3rd period - Shot Blocked by Mattias Ekholm.
9:26 of 3rd period - Shot by Brayden Point.
9:26 of 3rd period - Stopped by Ville Husso without a rebound.
9:27 of 3rd period - Jordan Staal wins face-off versus Mathew Barzal in Kings zone.
9:38 of 3rd period - Jonas Brodin is hit by Ryan Nugent-Hopkins and loses puck.
10:13 of 3rd period - Shot by Mitch Marner.
10:13 of 3rd period - Shot Blocked by Mattias Ekholm.
10:26 of 3rd period - Mathew Barzal is hit by Mark Giordano and loses puck.
10:49 of 3rd period - Shot by Alex Newhook.
10:49 of 3rd period - Shot Misses the Net.
10:51 of 3rd period - Shot by Cody Glass.
10:51 of 3rd period - Shot Blocked by David Savard.
11:16 of 3rd period - Off-side.
11:17 of 3rd period - Boone Jenner wins face-off versus Matt Duchene in neutral zone.
11:19 of 3rd period - Off-side.
11:20 of 3rd period - Evander Kane wins face-off versus Boone Jenner in neutral zone.
11:24 of 3rd period - Matt Duchene is hit by Morgan Rielly and loses puck.
11:31 of 3rd period - Shot by Matt Duchene.
11:31 of 3rd period - Shot Blocked by Boone Jenner.
12:40 of 3rd period - Alex Ovechkin is hit by Jason Zucker and loses puck.
13:10 of 3rd period - Shot by Jordan Staal.
13:10 of 3rd period - Shot Misses the Net.
13:12 of 3rd period - Shot by Brandon Saad.
13:12 of 3rd period - Stopped by Jeremy Swayman without a rebound.
13:13 of 3rd period - Nic Dowd wins face-off versus Brayden Point in Canucks zone.
13:31 of 3rd period - Shot by Tyler Motte.
13:31 of 3rd period - Stopped by Jeremy Swayman without a rebound.
13:32 of 3rd period - Jordan Staal wins face-off versus Cody Glass in Canucks zone.
13:47 of 3rd period - Shot by Jordan Staal.
13:47 of 3rd period - Shot Misses the Net.
14:42 of 3rd period - Brayden Point is hit by Mattias Ekholm and loses puck.
15:07 of 3rd period - Shot by Alex Ovechkin.
15:07 of 3rd period - Stopped by Jeremy Swayman without a rebound.
15:08 of 3rd period - Matt Duchene wins face-off versus Ryan Nugent-Hopkins in Canucks zone.
15:08 of 3rd period - Evander Kane is hit by Alec Martinez and loses puck.
15:35 of 3rd period - Shot by Jason Zucker.
15:35 of 3rd period - Stopped by Ville Husso without a rebound.
15:36 of 3rd period - Nic Dowd wins face-off versus Boone Jenner in Kings zone.
15:36 of 3rd period - Nic Dowd is hit by Conor Garland.
15:49 of 3rd period - Minor Penalty to Boone Jenner for Hooking.
15:50 of 3rd period - Sidney Crosby wins face-off versus Ryan Nugent-Hopkins in Canucks zone.
15:53 of 3rd period - Shot by Logan Couture.
15:53 of 3rd period - Shot Misses the Net.
16:23 of 3rd period - Shot by Logan Couture.
16:23 of 3rd period - Deflect By Alex Ovechkin.
16:23 of 3rd period - Stopped by Jeremy Swayman without a rebound.
16:24 of 3rd period - Cody Glass wins face-off versus Matt Duchene in Canucks zone.
16:35 of 3rd period - Shot by Ryan Suter.
16:35 of 3rd period - Stopped by Jeremy Swayman without a rebound.
16:36 of 3rd period - Matt Duchene wins face-off versus Ryan Nugent-Hopkins in Canucks zone.
16:41 of 3rd period - Shot by Matt Duchene.
16:41 of 3rd period - Stopped by Jeremy Swayman with a rebound.
16:43 of 3rd period - Shot by Ryan Suter.
16:43 of 3rd period - Stopped by Jeremy Swayman without a rebound.
16:44 of 3rd period - Alex Ovechkin wins face-off versus Ryan Nugent-Hopkins in Canucks zone.
16:49 of 3rd period - Shot by Alex Ovechkin.
16:49 of 3rd period - Stopped by Jeremy Swayman without a rebound.
16:50 of 3rd period - Ryan Nugent-Hopkins wins face-off versus Sidney Crosby in Canucks zone.
16:50 of 3rd period - Ryan Nugent-Hopkins is hit by Alex Ovechkin.
18:29 of 3rd period - Shot by Mitch Marner.
18:29 of 3rd period - Stopped by Ville Husso without a rebound.
18:30 of 3rd period - Matt Duchene wins face-off versus Ryan Nugent-Hopkins in Kings zone.
18:40 of 3rd period - Minor Penalty to Evander Kane for Tripping.
18:41 of 3rd period - Mathew Barzal wins face-off versus Jordan Staal in Kings zone.
18:42 of 3rd period - Canucks, Jeremy Swayman is pulled from the net.
19:08 of 3rd period - Mark Giordano is hit by Ryan Nugent-Hopkins.
19:37 of 3rd period - Icing by J.J. Moser.
19:38 of 3rd period - Jeremy Swayman from Canucks was sent back in the game.
19:38 of 3rd period - Kevin Hayes wins face-off versus Nic Dowd in Canucks zone.
19:45 of 3rd period - Canucks, Jeremy Swayman is pulled from the net.
Goals for this period are 0 for Kings vs 0 for Canucks.
Shots for this period are 10 for Kings vs 7 for Canucks.